 Dungeon Crawl Stone Soup version 0.28.0 (webtiles) character file.

Game seed: 522295779769136805

84 Sharkman1231 the Sneak (level 4, 0/32 (35) HPs)
             Began as a Demonspawn Delver on Feb 6, 2022.
             Slain by a necrophage (4 damage)
             ... on level 5 of the Dungeon.
             The game lasted 00:00:38 (443 turns).

Sharkman1231 the Sneak (Demonspawn Delver)           Turns: 443, Time: 00:00:39

HP:   0/32 (35)     AC:  3    Str: 12    XL:     4   Next: 24%
MP:   4/4           EV: 12    Int: 11    God:
Gold: 6             SH:  0    Dex: 17    Spells: 3/3 levels left

rFire   . . .      SeeInvis .   h - +0 long sword
rCold   . . .      Faith    .   (no shield)
rNeg    . . .      Spirit   .   b - +0 leather armour
rPois   .          Reflect  .   (helmet restricted)
rElec   .          Harm     .   (no cloak)
rCorr   .          Rampage  .   (no gloves)
Will    .....                   (no boots)
Stlth   +++.......              (no amulet)
HPRegen 0.10/turn               (no ring)
MPRegen 0.09/turn               (no ring)

@: drained
A: antennae 1, powered by pain 1
a: no special abilities


You were on level 5 of the Dungeon.
You visited 1 branch of the dungeon, and saw 1 of its levels.

You collected 6 gold pieces.

Inventory:

Hand Weapons
 a - a +0 falchion
 h - a +0 long sword (weapon)
Armour
 b - a +0 leather armour (worn)
Wands
 g - a wand of digging (3)
Scrolls
 c - a scroll of fog
 d - 2 scrolls of magic mapping
 e - a scroll of fear
 i - a scroll of amnesia {unknown}
Potions
 f - a potion of haste


   Skills:
 + Level 3.5 Fighting
 * Level 2.9 Long Blades
 + Level 2.3 Dodging
 + Level 4.9 Stealth


You had 3 spell levels left.
You didn't know any spells.
Your spell library was empty.

Dungeon Overview and Level Annotations

Branches:
Dungeon (5/15)
 Temple: D:4-7

Altars:

Annotations:
D:5 exclusion: phantom


Innate Abilities, Weirdness & Mutations

You have a pair of small antennae on your head.
You sometimes gain a little power by taking damage.


Message History

You hit the necrophage.
The necrophage is heavily damaged.
The necrophage hits you.
You feel drained.
You closely miss the necrophage.
The necrophage is heavily damaged.
The necrophage hits you.
You feel drained.
You hit the necrophage but do no damage.
The necrophage is heavily damaged.
The necrophage barely misses you.
You closely miss the necrophage.
The necrophage is heavily damaged.
The necrophage hits you. The necrophage closely misses you.
You hit the necrophage.
The necrophage is severely damaged.
The necrophage barely misses you.
You are too injured to fight recklessly!
You closely miss the necrophage.
The necrophage is severely damaged.
The necrophage hits you.
You are too injured to fight recklessly!
You barely miss the necrophage.
The necrophage is severely damaged.
The necrophage hits you.
You hit the necrophage but do no damage.
The necrophage is severely damaged.
The necrophage hits you!
* * * LOW HITPOINT WARNING * * *
Unknown command.
You hit the necrophage but do no damage.
The necrophage is severely damaged.
The necrophage misses you. The necrophage hits you.
* * * LOW HITPOINT WARNING * * *
You barely miss the necrophage.
The necrophage is severely damaged.
The necrophage closely misses you.
Unknown command.
You hit the necrophage.
The necrophage is severely damaged.
The necrophage hits you.
You die...

#####......#..#....#
..#......##....#...#
##
#.#......##.........
.(.
#.#......###........
#...
#.#......###########
#...#.##'#...........
..#...$.#.#.#######..#
........#.#.#
..###..n@.#.#
#.#..###.# #..#.# #.#
#...## #.# #### ...
#.#


You could see a necrophage.

Vanquished Creatures
  A necrophage (D:5)
1 creature vanquished.

Notes
Turn   | Place    | Note
-------+----------+-------------------------------------------
     0 | D:5      | Sharkman1231 the Demonspawn Delver began the quest for the
                  | Orb.
     0 | D:5      | Reached XP level 1. HP: 18/18 MP: 1/1
     5 | D:5      | Noticed a hound
    80 | D:5      | Noticed a necrophage
   105 | D:5      | Killed a necrophage
   106 | D:5      | Gained mutation: You have a pair of small antennae on your
                  | head. [demonic ancestry]
   106 | D:5      | Reached XP level 2. HP: 3/24 MP: 2/2
   106 | D:5      | Gained mutation: You sometimes gain a little power by
                  | taking damage. [demonic ancestry]
   106 | D:5      | Reached XP level 3. HP: 4/29 MP: 3/3
   106 | D:5      | Reached XP level 4. HP: 4/35 MP: 4/4
   401 | D:5      | Noticed a phantom
   425 | D:5      | Noticed a necrophage
   443 | D:5      | Slain by a necrophage

Illustrated notes

Levels and vault maps discovered:
D:5:      layout_basic, serial_glass, glass_columns_b, glass_columns_a,
          hangedman_decor_diamond_cutter, minmay_misc_feat_nine_boxes,
          minmay_misc_feat_enclosed, uniq_menkaure

Skill      XL: |  1 |
---------------+----+-----
Long Blades    | 2 |  2.9
Dodging        | 2 |  2.3
Fighting       | |  3.5
Stealth        | |  4.9

Action                   |  1- 3 |  4- 6 || total
-------------------------+-------+-------++-------
Melee: Long sword        |    12 |    12 ||    24
Throw: Javelin           |     4 |     4 ||     8
Armor: Leather armour    |     2 |       ||     2
Dodge: Dodged            |     7 |     5 ||    12
